Senators vs Sewer Rats
Created - 15 janvier 2015 at 18:59
Goals
|
| Senators |
0 |
2 |
1 |
3 |
| Sewer Rats |
2 |
0 |
3 |
5 |
|
Shots
|
| Senators |
8 |
15 |
16 |
39 |
| Sewer Rats |
12 |
11 |
13 |
36 |
|
1st period
1. Sewer Rats , Ville Leino 16 (Steven Reinprecht) at 11:54
2. Sewer Rats , John-Michael Liles 4 (Vojtech Polak, Brandon Sutter) at 13:02
Penalties :
Patrick Bordeleau (Tol) for Tripping (Minor) at 8:14
2nd period
3. Senators , Zack Kassian 5 (Shane Sims, Jacob Markstrom) at 13:14
4. Senators , Steven Goertzen 17 (Sergei Kostitsyn, Josh Hennessy) at 15:02
Penalties :
Tyson Barrie (BIN) for Holding (Minor) at 9:10, Stanislav Chistov (BIN) for Holding (Minor) at 19:22
3rd period
5. Sewer Rats , John Erskine 5 (Kyle Quincey, Tim Ramholt) at 0:35 (PP)
6. Sewer Rats , Nick Palmieri 25 (Vojtech Polak, Brandon Sutter) at 5:06 (PP)
7. Senators , Stanislav Chistov 36 (Rob Niedermayer, Niklas Hagman) at 5:12
8. Sewer Rats , John Lammers 9 (Lars Eller) at 16:39
Penalties :
Stanislav Chistov (BIN) for Holding (Minor) at 5:04, Shane Sims (BIN) for Tripping (Minor) at 13:36
Goalie Stats
Jacob Markstrom (BIN), 31 saves from 36 shots - (0,861), L, 12-19-3, 60:00 minutes
Semyon Varlamov (Tol), 36 saves from 39 shots - (0,923), W, 16-8-2, 60:00 minutes
Players Stats for Senators
Player Name G A P +/- PIM S H SB GA TA FO MP PP MP PK MP
------------------------------------------------------------------------------------
Brett Sterling 0 0 0 -1 0 4 2 0 0 0 0/0 12:39 0:00 0:41
Cody Hodgson 0 0 0 -1 0 2 1 0 0 0 3/5 12:25 0:00 0:48
Erik Haula 0 0 0 0 0 1 0 0 0 0 0/1 8:51 0:00 0:00
Erik Karlsson 0 0 0 1 0 1 0 2 0 1 0/0 19:12 0:31 1:33
Gabriel Bourque 0 0 0 0 0 2 0 0 1 0 0/0 8:21 0:00 0:00
Jack Skille 0 0 0 -1 0 0 1 0 0 0 0/1 11:37 0:00 0:00
Josh Hennessy 0 1 1 -1 0 2 2 1 0 0 9/14 16:15 0:49 1:07
Logan Stephenson 0 0 0 1 0 2 2 1 2 1 0/0 24:11 0:31 2:10
Milan Jurcina 0 0 0 -3 0 2 1 3 0 2 0/0 28:32 1:28 3:40
Niklas Hagman 0 1 1 2 0 4 6 1 0 1 1/3 23:06 1:10 3:25
Rob Niedermayer 0 1 1 2 0 4 2 0 0 1 21/40 23:06 1:10 3:25
Sergei Kostitsyn 0 1 1 -1 0 4 2 1 1 0 0/0 15:02 0:49 0:00
Shane Sims 0 1 1 -1 2 2 2 0 0 1 0/0 28:06 1:28 0:52
Stanislav Chistov 1 0 1 2 4 4 3 1 0 0 1/2 20:45 1:10 1:00
Steven Goertzen 1 0 1 -1 0 3 2 0 1 0 0/0 15:02 0:49 0:00
Tyson Barrie 0 0 0 2 2 0 0 0 0 0 0/0 16:42 0:00 2:11
Vladimir Mihalik 0 0 0 0 0 0 0 1 0 0 0/0 2:30 0:00 0:00
Zack Kassian 1 0 1 0 0 2 3 0 0 0 0/0 8:21 0:00 0:00
Players Stats for Sewer Rats
Player Name G A P +/- PIM S H SB GA TA FO MP PP MP PK MP
------------------------------------------------------------------------------------
Brandon Sutter 0 2 2 0 0 2 1 1 0 0 12/22 16:31 2:15 0:25
Derek Dorsett 0 0 0 0 0 1 1 0 1 0 0/0 11:21 0:00 0:00
John Erskine 1 0 1 1 0 1 1 2 0 0 0/0 19:13 1:29 1:05
John Lammers 1 0 1 0 0 1 1 0 1 1 0/0 8:47 0:00 0:25
John-Michael Liles 1 0 1 0 0 2 0 3 2 0 0/0 24:36 3:44 0:54
Jonathan Paiement 0 0 0 -1 0 0 1 0 0 0 0/0 13:06 0:00 0:00
Jordan Caron 0 0 0 0 0 1 2 0 0 0 0/0 8:23 0:00 0:00
Kyle Quincey 0 1 1 1 0 0 2 1 0 1 0/0 19:13 1:29 1:05
Kyle Turris 0 0 0 0 0 1 0 0 0 1 4/8 11:21 0:00 0:00
Lars Eller 0 1 1 0 0 4 0 0 0 0 1/3 8:14 0:00 0:00
Mark Mancari 0 0 0 0 0 4 0 2 1 0 1/2 22:51 2:58 0:32
Mattias Ekholm 0 0 0 0 0 0 1 0 0 0 0/0 3:05 0:00 0:00
Nick Palmieri 1 0 1 0 0 3 0 1 0 0 0/0 15:58 2:15 0:00
Patrick Bordeleau 0 0 0 0 2 0 0 1 0 0 0/0 11:20 0:00 0:00
Steven Kampfer 0 0 0 -1 0 0 0 0 0 0 0/0 13:06 0:00 0:00
Steven Reinprecht 0 1 1 0 0 2 3 1 0 1 13/29 23:22 2:58 1:02
Tim Ramholt 0 1 1 0 0 3 4 3 0 1 0/0 27:41 3:44 0:54
Ville Leino 1 0 1 0 0 7 2 0 2 0 0/1 23:22 2:58 1:02
Vojtech Polak 0 2 2 0 0 4 3 0 0 0 0/1 16:30 2:15 0:32
3 Stars
1 - Niklas Hagman (BIN)
2 - John Erskine (Tol)
3 - Vojtech Polak (Tol)
Power Play
Senators - 0 on 1 Attempt(s) - 0,00%
Sewer Rats - 2 on 4 Attempt(s) - 50,00%
Penalty Kill
Senators - 2 on 4 Attempt(s) - 50,00%
- Score 0 goal in Penalty Kill
Sewer Rats - 1 on 1 Attempt(s) - 100,00%
- Score 0 goal in Penalty Kill
Team Stat
Senators - Hits : 29 - Faceoff Wins : 35 - Blocked Shots : 11 - Penalty Minutes : 8
Sewer Rats - Hits : 22 - Faceoff Wins : 31 - Blocked Shots : 15 - Penalty Minutes : 2
Official
Referees : Rooney Chris and Furlatt Eric
Linesman : Darren Gibbs and Brian Murphy
Game Notes
Vladimir Mihalik is injured at 7:28 of 1st period (Torn Right ACL)
Finance
Level 1 -- Attendance: 1491 (74,55%) -- Ticket Income 44 730 $
Level 2 -- Attendance: 674 (67,40%) -- Ticket Income 8 088 $
Total Attendance: 2165 (72,17%)
Total Ticket Income: 52 818 $
Other Income: 2 641 $
Total Income: 55 459 $
Senators
5 vs 5 Forward
Center Left Wing Right Wing Time % Phy DF OF
1 Rob Niedermayer Niklas Hagman Stanislav Chistov 39 1 2 2
2 Josh Hennessy Sergei Kostitsyn Steven Goertzen 29 1 2 2
3 Cody Hodgson Brett Sterling Jack Skille 19 1 2 2
4 Erik Haula Gabriel Bourque Zack Kassian 13 1 2 2
5 vs 5 Defense
Defense Defense Time % Phy DF OF
1 Vladimir Mihalik Milan Jurcina 40 1 2 2
2 Logan Stephenson Erik Karlsson 30 1 2 2
3 Shane Sims Tyson Barrie 20 1 2 2
4 Vladimir Mihalik Milan Jurcina 10 1 2 2
PowerPlay Forward
Center Left Wing Right Wing Time % Phy DF OF
1 Rob Niedermayer Niklas Hagman Stanislav Chistov 60 1 2 2
2 Josh Hennessy Sergei Kostitsyn Steven Goertzen 40 1 2 2
PowerPlay Defense
Defense Defense Time % Phy DF OF
1 Vladimir Mihalik Milan Jurcina 60 1 2 2
2 Logan Stephenson Erik Karlsson 40 1 2 2
Penalty Kill 4 Players Forward
Center Wing Time % Phy DF OF
1 Rob Niedermayer Niklas Hagman 60 1 2 2
2 Josh Hennessy Stanislav Chistov 40 1 2 2
Penalty Kill 4 Players Defense
Defense Defense Time % Phy DF OF
1 Vladimir Mihalik Milan Jurcina 60 1 2 2
2 Logan Stephenson Erik Karlsson 40 1 2 2
Penalty Kill - 3 Players Forward
Forward Time % Phy DF OF
1 Rob Niedermayer 60 1 2 2
2 Niklas Hagman 40 1 2 2
Penalty Kill - 3 Players Defense
Defense Defense Time % Phy DF OF
1 Vladimir Mihalik Milan Jurcina 60 1 2 2
2 Logan Stephenson Erik Karlsson 40 1 2 2
4 vs 4 Forward
Center Wing Time % Phy DF OF
1 Rob Niedermayer Niklas Hagman 60 1 2 2
2 Josh Hennessy Stanislav Chistov 40 1 2 2
4 vs 4 Defense
Defense Defense Time % Phy DF OF
1 Vladimir Mihalik Milan Jurcina 60 1 2 2
2 Logan Stephenson Erik Karlsson 40 1 2 2
Last Minutes Offensive
Center Left Wing Right Wing Defense Defense
Rob Niedermayer Niklas Hagman Stanislav Chistov Vladimir Mihalik Milan Jurcina
Last Minutes Defensive
Center Left Wing Right Wing Defense Defense
Rob Niedermayer Niklas Hagman Stanislav Chistov Vladimir Mihalik Milan Jurcina
Goaltenders
Starting : Jacob Markstrom
Backup : Alexander Salak
Extra Forwards
Normal : Jack Skille, Brett Sterling, Cody Hodgson - PP : Jack Skille, Brett Sterling - PK : Cody Hodgson
Extra Defensemen
Normal : Shane Sims, Tyson Barrie, Logan Stephenson - PP : Shane Sims - PK : Tyson Barrie, Logan Stephenson
Penalty Shots
Rob Niedermayer, Niklas Hagman, Josh Hennessy, Stanislav Chistov, Sergei Kostitsyn
Sewer Rats
5 vs 5 Forward
Center Left Wing Right Wing Time % Phy DF OF
1 Steven Reinprecht Ville Leino Mark Mancari 40 1 2 2
2 Brandon Sutter Vojtech Polak Nick Palmieri 30 1 2 2
3 Kyle Turris Patrick Bordeleau Derek Dorsett 20 1 2 2
4 Lars Eller John Lammers Jordan Caron 10 1 2 2
5 vs 5 Defense
Defense Defense Time % Phy DF OF
1 Tim Ramholt John-Michael Liles 40 1 2 2
2 John Erskine Kyle Quincey 30 1 2 2
3 Steven Kampfer Jonathan Paiement 20 1 2 2
4 Mattias Ekholm Tim Ramholt 10 1 2 2
PowerPlay Forward
Center Left Wing Right Wing Time % Phy DF OF
1 Steven Reinprecht Ville Leino Mark Mancari 60 1 2 2
2 Brandon Sutter Vojtech Polak Nick Palmieri 40 1 2 2
PowerPlay Defense
Defense Defense Time % Phy DF OF
1 Tim Ramholt John-Michael Liles 60 1 2 2
2 John Erskine Kyle Quincey 40 1 2 2
Penalty Kill 4 Players Forward
Center Wing Time % Phy DF OF
1 Steven Reinprecht Ville Leino 60 1 2 2
2 Vojtech Polak Mark Mancari 40 1 2 2
Penalty Kill 4 Players Defense
Defense Defense Time % Phy DF OF
1 Tim Ramholt John-Michael Liles 60 1 2 2
2 John Erskine Kyle Quincey 40 1 2 2
Penalty Kill - 3 Players Forward
Forward Time % Phy DF OF
1 Steven Reinprecht 60 1 2 2
2 Ville Leino 40 1 2 2
Penalty Kill - 3 Players Defense
Defense Defense Time % Phy DF OF
1 Tim Ramholt John-Michael Liles 60 1 2 2
2 John Erskine Kyle Quincey 40 1 2 2
4 vs 4 Forward
Center Wing Time % Phy DF OF
1 Steven Reinprecht Ville Leino 60 1 2 2
2 Vojtech Polak Mark Mancari 40 1 2 2
4 vs 4 Defense
Defense Defense Time % Phy DF OF
1 Tim Ramholt John-Michael Liles 60 1 2 2
2 John Erskine Kyle Quincey 40 1 2 2
Last Minutes Offensive
Center Left Wing Right Wing Defense Defense
Steven Reinprecht Ville Leino Mark Mancari Tim Ramholt John-Michael Liles
Last Minutes Defensive
Center Left Wing Right Wing Defense Defense
Steven Reinprecht Ville Leino Mark Mancari Tim Ramholt John-Michael Liles
Goaltenders
Starting : Semyon Varlamov
Backup : Jhonas Enroth
Extra Forwards
Normal : Derek Dorsett, Kyle Turris, Patrick Bordeleau - PP : Derek Dorsett, Kyle Turris - PK : Patrick Bordeleau
Extra Defensemen
Normal : Steven Kampfer, Jonathan Paiement, Mattias Ekholm - PP : Steven Kampfer - PK : Jonathan Paiement, Mattias Ekholm
Penalty Shots
Steven Reinprecht, Ville Leino, Vojtech Polak, Mark Mancari, Brandon Sutter
% Time on Ice - Senators
Lines # - Real PCT - Wanted PCT - Time Play
Normal Forward
1 - 35% - 39% - 18:31
2 - 27% - 29% - 14:19
3 - 22% - 19% - 11:37
4 - 16% - 13% - 8:21
Normal Defense
1 - 43% - 40% - 22:28
2 - 31% - 30% - 16:19
3 - 18% - 20% - 9:28
4 - 9% - 10% - 4:33
PP Forward
1 - 59% - 60% - 1:10
2 - 41% - 40% - 0:49
PP Defense
1 - 74% - 60% - 1:28
2 - 26% - 40% - 0:31
PK Forward
1 - 79% - 60% - 4:06
2 - 21% - 40% - 1:07
PK Defense
1 - 72% - 60% - 3:46
2 - 28% - 40% - 1:27
PK3 Forward
1 - 0% - 60%
2 - 0% - 40%
PK3 Defense
1 - 0% - 60%
2 - 0% - 40%
44 Forward
1 - 0% - 60%
2 - 0% - 40%
44 Defense
1 - 0% - 60%
2 - 0% - 40%
Last Minute Offensive - 0:00
Last Minute Defensive - 0:00
Total
Forward - 60:00
Defense - 60:00
|
% Time on Ice - Sewer Rats
Lines # - Real PCT - Wanted PCT - Time Play
Normal Forward
1 - 37% - 40% - 19:30
2 - 26% - 30% - 13:43
3 - 21% - 20% - 11:21
4 - 16% - 10% - 8:14
Normal Defense
1 - 38% - 40% - 19:58
2 - 32% - 30% - 16:39
3 - 25% - 20% - 13:06
4 - 6% - 10% - 3:05
PP Forward
1 - 57% - 60% - 2:58
2 - 43% - 40% - 2:15
PP Defense
1 - 72% - 60% - 3:44
2 - 28% - 40% - 1:29
PK Forward
1 - 73% - 60% - 1:27
2 - 27% - 40% - 0:32
PK Defense
1 - 45% - 60% - 0:54
2 - 55% - 40% - 1:05
PK3 Forward
1 - 0% - 60%
2 - 0% - 40%
PK3 Defense
1 - 0% - 60%
2 - 0% - 40%
44 Forward
1 - 0% - 60%
2 - 0% - 40%
44 Defense
1 - 0% - 60%
2 - 0% - 40%
Last Minute Offensive - 0:00
Last Minute Defensive - 0:00
Total
Forward - 60:00
Defense - 60:00
|
Play by Play
1st period
0:01 of 1st period - Rob Niedermayer wins face-off versus Ville Leino in neutral zone.
0:06 of 1st period - John-Michael Liles is hit by Niklas Hagman and loses puck.
2:38 of 1st period - Off-side.
2:39 of 1st period - Steven Reinprecht wins face-off versus Erik Haula in neutral zone.
3:06 of 1st period - Rob Niedermayer is hit by Mattias Ekholm and loses puck.
4:08 of 1st period - Snap shot by Steven Reinprecht.
4:08 of 1st period - Stopped by Jacob Markstrom with a rebound.
4:10 of 1st period - Slapshot by Tim Ramholt.
4:10 of 1st period - Stopped by Jacob Markstrom with a rebound.
4:30 of 1st period - Snap shot by Gabriel Bourque.
4:30 of 1st period - Stopped by Semyon Varlamov with a rebound.
4:46 of 1st period - Snap shot by Kyle Turris.
4:46 of 1st period - Shot Blocked by Josh Hennessy.
5:20 of 1st period - Icing by Jonathan Paiement.
5:21 of 1st period - Cody Hodgson wins face-off versus Mark Mancari in Sewer Rats zone.
5:40 of 1st period - Snap shot by Steven Reinprecht.
5:40 of 1st period - Shot Hit the Post.
5:50 of 1st period - Snap shot by Ville Leino.
5:50 of 1st period - Deflect By Rob Niedermayer.
5:50 of 1st period - Shot Blocked by Stanislav Chistov.
5:50 of 1st period - Puck is out of play.
5:51 of 1st period - Rob Niedermayer wins face-off versus Brandon Sutter in Senators zone.
6:13 of 1st period - Icing by Tim Ramholt.
6:14 of 1st period - Lars Eller wins face-off versus Josh Hennessy in Sewer Rats zone.
7:12 of 1st period - Snap shot by Lars Eller.
7:12 of 1st period - Stopped by Jacob Markstrom with a rebound.
7:28 of 1st period - Snap shot by Jordan Caron.
7:28 of 1st period - Shot Blocked by Vladimir Mihalik.
7:28 of 1st period - Vladimir Mihalik from Senators is injured at 7:28 of 1st period (Torn Right ACL).
7:29 of 1st period - Steven Reinprecht wins face-off versus Rob Niedermayer in Senators zone.
7:42 of 1st period - Wrist shot by Mark Mancari.
7:42 of 1st period - Stopped by Jacob Markstrom with a rebound.
8:14 of 1st period - Minor Penalty to Patrick Bordeleau for Tripping.
8:15 of 1st period - Steven Reinprecht wins face-off versus Rob Niedermayer in Sewer Rats zone.
8:15 of 1st period - Steven Reinprecht is hit by Niklas Hagman.
9:49 of 1st period - Sergei Kostitsyn is hit by John Erskine and loses puck.
9:57 of 1st period - Icing by Josh Hennessy.
9:58 of 1st period - Josh Hennessy wins face-off versus Vojtech Polak in Senators zone.
10:14 of 1st period - Penalty to Patrick Bordeleau is over, Patrick Bordeleau is back on ice.
11:02 of 1st period - Jonathan Paiement is hit by Logan Stephenson and loses puck.
11:41 of 1st period - Icing by Jonathan Paiement.
11:42 of 1st period - Kyle Turris wins face-off versus Cody Hodgson in Sewer Rats zone.
11:54 of 1st period - Wrist shot by Ville Leino.
11:54 of 1st period - Goal by Ville Leino - Senators : 0 - Sewer Rats : 1.
11:55 of 1st period - Steven Reinprecht wins face-off versus Rob Niedermayer in neutral zone.
12:00 of 1st period - Snap shot by Ville Leino.
12:00 of 1st period - Stopped by Jacob Markstrom with a rebound.
12:26 of 1st period - Off-side.
12:27 of 1st period - Brandon Sutter wins face-off versus Rob Niedermayer in neutral zone.
12:32 of 1st period - Wrist shot by Vojtech Polak.
12:32 of 1st period - Deflect By Nick Palmieri.
12:32 of 1st period - Shot Blocked by Erik Karlsson.
12:32 of 1st period - Puck is out of play.
12:33 of 1st period - Rob Niedermayer wins face-off versus Steven Reinprecht in Senators zone.
12:46 of 1st period - Slapshot by Ville Leino.
12:46 of 1st period - Stopped by Jacob Markstrom without a rebound.
12:47 of 1st period - Brandon Sutter wins face-off versus Josh Hennessy in Senators zone.
12:48 of 1st period - Wrist shot by Nick Palmieri.
12:48 of 1st period - Shot Misses the Net.
12:52 of 1st period - Wrist shot by Vojtech Polak.
12:52 of 1st period - Stopped by Jacob Markstrom with a rebound.
12:54 of 1st period - Slapshot by Tim Ramholt.
12:54 of 1st period - Shot Blocked by Milan Jurcina.
12:56 of 1st period - Wrist shot by Brandon Sutter.
12:56 of 1st period - Shot Misses the Net.
12:58 of 1st period - Snap shot by Vojtech Polak.
12:58 of 1st period - Shot Misses the Net.
13:00 of 1st period - Slapshot by John-Michael Liles.
13:00 of 1st period - Shot Misses the Net.
13:02 of 1st period - Slapshot by John-Michael Liles.
13:02 of 1st period - Goal by John-Michael Liles - Senators : 0 - Sewer Rats : 2.
13:03 of 1st period - Steven Reinprecht wins face-off versus Rob Niedermayer in neutral zone.
13:08 of 1st period - Slapshot by John-Michael Liles.
13:08 of 1st period - Shot Blocked by Milan Jurcina.
13:28 of 1st period - Milan Jurcina is hit by Tim Ramholt and loses puck.
13:35 of 1st period - Slapshot by Shane Sims.
13:35 of 1st period - Deflect By Steven Goertzen.
13:35 of 1st period - Stopped by Semyon Varlamov without a rebound.
13:36 of 1st period - Brandon Sutter wins face-off versus Stanislav Chistov in Sewer Rats zone.
13:41 of 1st period - Wrist shot by Vojtech Polak.
13:41 of 1st period - Shot Blocked by Erik Karlsson.
13:43 of 1st period - Snap shot by Brandon Sutter.
13:43 of 1st period - Stopped by Jacob Markstrom with a rebound.
14:01 of 1st period - Wrist shot by Kyle Turris.
14:01 of 1st period - Shot Misses the Net.
14:15 of 1st period - Snap shot by Stanislav Chistov.
14:15 of 1st period - Stopped by Semyon Varlamov without a rebound.
14:16 of 1st period - Steven Reinprecht wins face-off versus Josh Hennessy in Sewer Rats zone.
14:27 of 1st period - Wrist shot by Sergei Kostitsyn.
14:27 of 1st period - Shot Misses the Net.
14:29 of 1st period - Snap shot by Sergei Kostitsyn.
14:29 of 1st period - Shot Misses the Net.
14:41 of 1st period - Shane Sims is hit by Kyle Quincey.
14:45 of 1st period - Slapshot by Brett Sterling.
14:45 of 1st period - Shot Misses the Net.
15:06 of 1st period - Wrist shot by John-Michael Liles.
15:06 of 1st period - Shot Hit the Post.
15:08 of 1st period - Wrist shot by Derek Dorsett.
15:08 of 1st period - Shot Misses the Net.
15:10 of 1st period - Slapshot by Tim Ramholt.
15:10 of 1st period - Stopped by Jacob Markstrom without a rebound.
15:11 of 1st period - Steven Reinprecht wins face-off versus Rob Niedermayer in Senators zone.
15:49 of 1st period - Slapshot by Sergei Kostitsyn.
15:49 of 1st period - Shot Blocked by Brandon Sutter.
16:31 of 1st period - Slapshot by Erik Karlsson.
16:31 of 1st period - Shot Blocked by Kyle Quincey.
16:49 of 1st period - Slapshot by John Erskine.
16:49 of 1st period - Shot Blocked by Milan Jurcina.
17:09 of 1st period - Snap shot by Stanislav Chistov.
17:09 of 1st period - Shot Misses the Net.
17:11 of 1st period - Slapshot by Milan Jurcina.
17:11 of 1st period - Deflect By Niklas Hagman.
17:11 of 1st period - Stopped by Semyon Varlamov with a rebound.
17:13 of 1st period - Snap shot by Milan Jurcina.
17:13 of 1st period - Stopped by Semyon Varlamov without a rebound.
17:14 of 1st period - Josh Hennessy wins face-off versus Brandon Sutter in Sewer Rats zone.
17:27 of 1st period - Snap shot by Sergei Kostitsyn.
17:27 of 1st period - Stopped by Semyon Varlamov without a rebound.
17:28 of 1st period - Rob Niedermayer wins face-off versus Steven Reinprecht in Sewer Rats zone.
17:31 of 1st period - Wrist shot by Rob Niedermayer.
17:31 of 1st period - Stopped by Semyon Varlamov with a rebound.
17:49 of 1st period - Tim Ramholt is hit by Niklas Hagman and loses puck.
18:04 of 1st period - Niklas Hagman is hit by Ville Leino and loses puck.
18:39 of 1st period - Wrist shot by Ville Leino.
18:39 of 1st period - Shot Misses the Net.
18:53 of 1st period - Wrist shot by Stanislav Chistov.
18:53 of 1st period - Stopped by Semyon Varlamov without a rebound.
18:54 of 1st period - Brandon Sutter wins face-off versus Josh Hennessy in Sewer Rats zone.
19:23 of 1st period - Snap shot by Lars Eller.
19:23 of 1st period - Shot Misses the Net.
19:27 of 1st period - Snap shot by Lars Eller.
19:27 of 1st period - Stopped by Jacob Markstrom without a rebound.
19:28 of 1st period - Cody Hodgson wins face-off versus Brandon Sutter in Senators zone.
19:28 of 1st period - Cody Hodgson is hit by Vojtech Polak.
Goals for this period are 0 for Senators vs 2 for Sewer Rats.
Shots for this period are 8 for Senators vs 12 for Sewer Rats.
2nd period
0:01 of 2nd period - Steven Reinprecht wins face-off versus Rob Niedermayer in neutral zone.
0:32 of 2nd period - Snap shot by Brandon Sutter.
0:32 of 2nd period - Shot Misses the Net.
0:50 of 2nd period - Wrist shot by Sergei Kostitsyn.
0:50 of 2nd period - Stopped by Semyon Varlamov with a rebound.
1:08 of 2nd period - Jonathan Paiement is hit by Zack Kassian and loses puck.
1:52 of 2nd period - Tim Ramholt is hit by Sergei Kostitsyn.
2:19 of 2nd period - Snap shot by Brett Sterling.
2:19 of 2nd period - Shot Blocked by Tim Ramholt.
2:21 of 2nd period - Slapshot by Logan Stephenson.
2:21 of 2nd period - Stopped by Semyon Varlamov with a rebound.
2:23 of 2nd period - Slapshot by Logan Stephenson.
2:23 of 2nd period - Deflect By Jack Skille.
2:23 of 2nd period - Shot Blocked by Tim Ramholt.
2:23 of 2nd period - Puck is out of play.
2:24 of 2nd period - Rob Niedermayer wins face-off versus Steven Reinprecht in Sewer Rats zone.
2:49 of 2nd period - Mark Mancari is hit by Brett Sterling and loses puck.
3:12 of 2nd period - Snap shot by Gabriel Bourque.
3:12 of 2nd period - Stopped by Semyon Varlamov with a rebound.
3:14 of 2nd period - Wrist shot by Erik Haula.
3:14 of 2nd period - Stopped by Semyon Varlamov with a rebound.
3:16 of 2nd period - Slapshot by Shane Sims.
3:16 of 2nd period - Shot Blocked by John Erskine.
3:38 of 2nd period - Slapshot by Vojtech Polak.
3:38 of 2nd period - Stopped by Jacob Markstrom without a rebound.
3:39 of 2nd period - Rob Niedermayer wins face-off versus Brandon Sutter in Senators zone.
3:46 of 2nd period - John-Michael Liles is hit by Rob Niedermayer and loses puck.
4:50 of 2nd period - Erik Karlsson is hit by Vojtech Polak and loses puck.
5:34 of 2nd period - John Erskine is hit by Steven Goertzen and loses puck.
6:03 of 2nd period - Erik Haula is hit by Steven Reinprecht and loses puck.
6:10 of 2nd period - Snap shot by Steven Reinprecht.
6:10 of 2nd period - Shot Misses the Net.
6:18 of 2nd period - Kyle Quincey is hit by Zack Kassian and loses puck.
6:35 of 2nd period - Erik Haula is hit by Ville Leino and loses puck.
6:48 of 2nd period - Wrist shot by Ville Leino.
6:48 of 2nd period - Stopped by Jacob Markstrom with a rebound.
6:50 of 2nd period - Snap shot by Steven Reinprecht.
6:50 of 2nd period - Shot Misses the Net.
7:00 of 2nd period - Snap shot by Ville Leino.
7:00 of 2nd period - Stopped by Jacob Markstrom without a rebound.
7:01 of 2nd period - Brandon Sutter wins face-off versus Rob Niedermayer in Senators zone.
7:02 of 2nd period - Wrist shot by Vojtech Polak.
7:02 of 2nd period - Stopped by Jacob Markstrom without a rebound.
7:03 of 2nd period - Stanislav Chistov wins face-off versus Brandon Sutter in Senators zone.
7:37 of 2nd period - Tim Ramholt is hit by Josh Hennessy and loses puck.
8:10 of 2nd period - Snap shot by Rob Niedermayer.
8:10 of 2nd period - Stopped by Semyon Varlamov without a rebound.
8:11 of 2nd period - Brandon Sutter wins face-off versus Rob Niedermayer in Sewer Rats zone.
8:16 of 2nd period - Slapshot by Brandon Sutter.
8:16 of 2nd period - Deflect By Nick Palmieri.
8:16 of 2nd period - Stopped by Jacob Markstrom with a rebound.
8:18 of 2nd period - Snap shot by Brandon Sutter.
8:18 of 2nd period - Deflect By Nick Palmieri.
8:18 of 2nd period - Shot Blocked by Niklas Hagman.
8:18 of 2nd period - Puck is out of play.
8:19 of 2nd period - Rob Niedermayer wins face-off versus Brandon Sutter in Senators zone.
8:48 of 2nd period - Snap shot by Derek Dorsett.
8:48 of 2nd period - Stopped by Jacob Markstrom without a rebound.
8:49 of 2nd period - Josh Hennessy wins face-off versus Kyle Turris in Senators zone.
9:10 of 2nd period - Minor Penalty to Tyson Barrie for Holding.
9:11 of 2nd period - Steven Reinprecht wins face-off versus Rob Niedermayer in Senators zone.
10:14 of 2nd period - Stanislav Chistov is hit by Vojtech Polak and loses puck.
10:43 of 2nd period - Tim Ramholt is hit by Rob Niedermayer and loses puck.
10:50 of 2nd period - Rob Niedermayer is hit by Tim Ramholt and loses puck.
11:10 of 2nd period - Penalty to Tyson Barrie is over, Tyson Barrie is back on ice.
11:16 of 2nd period - Kyle Turris is hit by Zack Kassian and loses puck.
11:39 of 2nd period - Tyson Barrie is hit by Jordan Caron and loses puck.
11:44 of 2nd period - Wrist shot by Lars Eller.
11:44 of 2nd period - Stopped by Jacob Markstrom without a rebound.
11:45 of 2nd period - Josh Hennessy wins face-off versus Lars Eller in Senators zone.
11:54 of 2nd period - Snap shot by Jordan Caron.
11:54 of 2nd period - Shot Misses the Net.
12:00 of 2nd period - Slapshot by Lars Eller.
12:00 of 2nd period - Deflect By Jordan Caron.
12:00 of 2nd period - Stopped by Jacob Markstrom without a rebound.
12:01 of 2nd period - Steven Reinprecht wins face-off versus Niklas Hagman in Senators zone.
12:02 of 2nd period - Wrist shot by Ville Leino.
12:02 of 2nd period - Deflect By Mark Mancari.
12:02 of 2nd period - Stopped by Jacob Markstrom with a rebound.
12:10 of 2nd period - Snap shot by Niklas Hagman.
12:10 of 2nd period - Shot Blocked by John-Michael Liles.
12:12 of 2nd period - Wrist shot by Niklas Hagman.
12:12 of 2nd period - Shot Hit the Post.
12:14 of 2nd period - Slapshot by Erik Karlsson.
12:14 of 2nd period - Stopped by Semyon Varlamov with a rebound.
12:16 of 2nd period - Slapshot by Logan Stephenson.
12:16 of 2nd period - Shot Misses the Net.
12:41 of 2nd period - Vojtech Polak is hit by Sergei Kostitsyn.
12:58 of 2nd period - Slapshot by Cody Hodgson.
12:58 of 2nd period - Stopped by Semyon Varlamov with a rebound.
13:14 of 2nd period - Wrist shot by Zack Kassian.
13:14 of 2nd period - Goal by Zack Kassian - Senators : 1 - Sewer Rats : 2.
13:15 of 2nd period - Rob Niedermayer wins face-off versus Steven Reinprecht in neutral zone.
13:18 of 2nd period - Mark Mancari is hit by Niklas Hagman and loses puck.
13:41 of 2nd period - Nick Palmieri is hit by Shane Sims and loses puck.
14:04 of 2nd period - Slapshot by Jack Skille.
14:04 of 2nd period - Shot Misses the Net.
14:06 of 2nd period - Snap shot by Brett Sterling.
14:06 of 2nd period - Shot Misses the Net.
14:08 of 2nd period - Slapshot by Shane Sims.
14:08 of 2nd period - Stopped by Semyon Varlamov with a rebound.
14:24 of 2nd period - Slapshot by Lars Eller.
14:24 of 2nd period - Shot Misses the Net.
14:46 of 2nd period - Icing by Steven Kampfer.
14:47 of 2nd period - Josh Hennessy wins face-off versus Steven Reinprecht in Sewer Rats zone.
14:50 of 2nd period - Snap shot by Sergei Kostitsyn.
14:50 of 2nd period - Stopped by Semyon Varlamov with a rebound.
15:02 of 2nd period - Wrist shot by Steven Goertzen.
15:02 of 2nd period - Goal by Steven Goertzen - Senators : 2 - Sewer Rats : 2.
15:03 of 2nd period - Rob Niedermayer wins face-off versus Steven Reinprecht in neutral zone.
15:08 of 2nd period - Tim Ramholt is hit by Stanislav Chistov and loses puck.
15:17 of 2nd period - Steven Reinprecht is hit by Niklas Hagman.
15:35 of 2nd period - Wrist shot by Erik Karlsson.
15:35 of 2nd period - Shot Blocked by Nick Palmieri.
15:37 of 2nd period - Backhand shot by Josh Hennessy.
15:37 of 2nd period - Stopped by Semyon Varlamov with a rebound.
15:39 of 2nd period - Slapshot by Logan Stephenson.
15:39 of 2nd period - Stopped by Semyon Varlamov with a rebound.
15:41 of 2nd period - Snap shot by Steven Goertzen.
15:41 of 2nd period - Shot Misses the Net.
15:43 of 2nd period - Slapshot by Erik Karlsson.
15:43 of 2nd period - Shot Blocked by John-Michael Liles.
17:02 of 2nd period - Slapshot by Steven Goertzen.
17:02 of 2nd period - Stopped by Semyon Varlamov without a rebound.
17:03 of 2nd period - Josh Hennessy wins face-off versus Lars Eller in Sewer Rats zone.
17:14 of 2nd period - Snap shot by John Lammers.
17:14 of 2nd period - Shot Blocked by Sergei Kostitsyn.
17:16 of 2nd period - Slapshot by Steven Kampfer.
17:16 of 2nd period - Deflect By John Lammers.
17:16 of 2nd period - Shot Misses the Net.
17:16 of 2nd period - Puck is out of play.
17:17 of 2nd period - Rob Niedermayer wins face-off versus Steven Reinprecht in Senators zone.
17:30 of 2nd period - Snap shot by Niklas Hagman.
17:30 of 2nd period - Deflect By Rob Niedermayer.
17:30 of 2nd period - Shot Misses the Net.
17:30 of 2nd period - Puck is out of play.
17:31 of 2nd period - Brandon Sutter wins face-off versus Rob Niedermayer in Sewer Rats zone.
17:31 of 2nd period - Brandon Sutter is hit by Stanislav Chistov.
17:37 of 2nd period - Rob Niedermayer is hit by Tim Ramholt and loses puck.
18:06 of 2nd period - Snap shot by Steven Reinprecht.
18:06 of 2nd period - Deflect By Ville Leino.
18:06 of 2nd period - Shot Misses the Net.
18:06 of 2nd period - Puck is out of play.
18:07 of 2nd period - Brandon Sutter wins face-off versus Rob Niedermayer in Senators zone.
18:42 of 2nd period - Steven Goertzen is hit by Steven Reinprecht and loses puck.
19:01 of 2nd period - Snap shot by Brett Sterling.
19:01 of 2nd period - Stopped by Semyon Varlamov without a rebound.
19:02 of 2nd period - Steven Reinprecht wins face-off versus Jack Skille in Sewer Rats zone.
19:13 of 2nd period - Slapshot by Steven Reinprecht.
19:13 of 2nd period - Shot Misses the Net.
19:15 of 2nd period - Wrist shot by Mark Mancari.
19:15 of 2nd period - Stopped by Jacob Markstrom with a rebound.
19:17 of 2nd period - Slapshot by Tim Ramholt.
19:17 of 2nd period - Stopped by Jacob Markstrom with a rebound.
19:22 of 2nd period - Minor Penalty to Stanislav Chistov for Holding.
19:23 of 2nd period - Steven Reinprecht wins face-off versus Rob Niedermayer in Senators zone.
Goals for this period are 2 for Senators vs 0 for Sewer Rats.
Shots for this period are 15 for Senators vs 11 for Sewer Rats.
3rd period
0:01 of 3rd period - Rob Niedermayer wins face-off versus Steven Reinprecht in neutral zone.
0:12 of 3rd period - Snap shot by Rob Niedermayer.
0:12 of 3rd period - Shot Blocked by Mark Mancari.
0:35 of 3rd period - Slapshot by John Erskine.
0:35 of 3rd period - Goal by John Erskine - Senators : 2 - Sewer Rats : 3.
0:36 of 3rd period - Rob Niedermayer wins face-off versus Steven Reinprecht in neutral zone.
0:41 of 3rd period - Wrist shot by Rob Niedermayer.
0:41 of 3rd period - Stopped by Semyon Varlamov with a rebound.
0:43 of 3rd period - Slapshot by Milan Jurcina.
0:43 of 3rd period - Stopped by Semyon Varlamov with a rebound.
0:45 of 3rd period - Snap shot by Niklas Hagman.
0:45 of 3rd period - Shot Blocked by John-Michael Liles.
0:47 of 3rd period - Wrist shot by Niklas Hagman.
0:47 of 3rd period - Shot Misses the Net.
0:49 of 3rd period - Wrist shot by Niklas Hagman.
0:49 of 3rd period - Shot Misses the Net.
0:51 of 3rd period - Snap shot by Shane Sims.
0:51 of 3rd period - Shot Blocked by Steven Reinprecht.
1:56 of 3rd period - Rob Niedermayer is hit by Jonathan Paiement and loses puck.
2:26 of 3rd period - Snap shot by Gabriel Bourque.
2:26 of 3rd period - Shot Misses the Net.
2:36 of 3rd period - Steven Kampfer is hit by Brett Sterling and loses puck.
2:50 of 3rd period - Snap shot by Ville Leino.
2:50 of 3rd period - Stopped by Jacob Markstrom with a rebound.
3:08 of 3rd period - Ville Leino is hit by Milan Jurcina and loses puck.
4:05 of 3rd period - Slapshot by Brett Sterling.
4:05 of 3rd period - Stopped by Semyon Varlamov without a rebound.
4:06 of 3rd period - Rob Niedermayer wins face-off versus Brandon Sutter in Sewer Rats zone.
4:15 of 3rd period - Snap shot by Niklas Hagman.
4:15 of 3rd period - Deflect By Brandon Sutter.
4:15 of 3rd period - Stopped by Semyon Varlamov with a rebound.
4:17 of 3rd period - Wrist shot by Niklas Hagman.
4:17 of 3rd period - Stopped by Semyon Varlamov with a rebound.
4:21 of 3rd period - Wrist shot by Stanislav Chistov.
4:21 of 3rd period - Stopped by Semyon Varlamov without a rebound.
4:22 of 3rd period - Josh Hennessy wins face-off versus Kyle Turris in Sewer Rats zone.
4:23 of 3rd period - Wrist shot by Sergei Kostitsyn.
4:23 of 3rd period - Shot Blocked by Tim Ramholt.
4:31 of 3rd period - Logan Stephenson is hit by Derek Dorsett and loses puck.
5:04 of 3rd period - Minor Penalty to Stanislav Chistov for Holding.
5:05 of 3rd period - Brandon Sutter wins face-off versus Rob Niedermayer in Senators zone.
5:06 of 3rd period - Slapshot by Vojtech Polak.
5:06 of 3rd period - Deflect By Nick Palmieri.
5:06 of 3rd period - Goal by Nick Palmieri - Senators : 2 - Sewer Rats : 4.
5:07 of 3rd period - Niklas Hagman wins face-off versus Brandon Sutter in neutral zone.
5:12 of 3rd period - Wrist shot by Stanislav Chistov.
5:12 of 3rd period - Goal by Stanislav Chistov - Senators : 3 - Sewer Rats : 4.
5:13 of 3rd period - Rob Niedermayer wins face-off versus Steven Reinprecht in neutral zone.
5:39 of 3rd period - Josh Hennessy is hit by Brandon Sutter and loses puck.
6:26 of 3rd period - Backhand shot by Cody Hodgson.
6:26 of 3rd period - Stopped by Semyon Varlamov with a rebound.
6:28 of 3rd period - Slapshot by Logan Stephenson.
6:28 of 3rd period - Shot Misses the Net.
7:02 of 3rd period - Nick Palmieri is hit by Steven Goertzen and loses puck.
7:32 of 3rd period - Jonathan Paiement is hit by Logan Stephenson and loses puck.
7:45 of 3rd period - Jack Skille is hit by John Lammers and loses puck.
7:54 of 3rd period - Jordan Caron is hit by Cody Hodgson and loses puck.
8:11 of 3rd period - Wrist shot by Erik Karlsson.
8:11 of 3rd period - Shot Blocked by John Erskine.
8:17 of 3rd period - Erik Haula is hit by Jordan Caron and loses puck.
8:24 of 3rd period - Wrist shot by Lars Eller.
8:24 of 3rd period - Stopped by Jacob Markstrom without a rebound.
8:25 of 3rd period - Rob Niedermayer wins face-off versus Steven Reinprecht in Senators zone.
8:25 of 3rd period - Rob Niedermayer is hit by Steven Reinprecht.
8:40 of 3rd period - Off-side.
8:41 of 3rd period - Brandon Sutter wins face-off versus Josh Hennessy in neutral zone.
8:46 of 3rd period - Wrist shot by Vojtech Polak.
8:46 of 3rd period - Stopped by Jacob Markstrom without a rebound.
8:47 of 3rd period - Josh Hennessy wins face-off versus Brandon Sutter in Senators zone.
8:52 of 3rd period - Nick Palmieri is hit by Josh Hennessy.
8:56 of 3rd period - Wrist shot by Josh Hennessy.
8:56 of 3rd period - Stopped by Semyon Varlamov without a rebound.
8:57 of 3rd period - Steven Reinprecht wins face-off versus Rob Niedermayer in Sewer Rats zone.
10:12 of 3rd period - Off-side.
10:13 of 3rd period - Kyle Turris wins face-off versus Cody Hodgson in neutral zone.
10:45 of 3rd period - Slapshot by Milan Jurcina.
10:45 of 3rd period - Shot Misses the Net.
10:47 of 3rd period - Slapshot by Milan Jurcina.
10:47 of 3rd period - Deflect By Stanislav Chistov.
10:47 of 3rd period - Deflect By Steven Reinprecht.
10:47 of 3rd period - Shot Misses the Net.
10:47 of 3rd period - Puck is out of play.
10:48 of 3rd period - Mark Mancari wins face-off versus Rob Niedermayer in Sewer Rats zone.
10:48 of 3rd period - Mark Mancari is hit by Niklas Hagman.
10:54 of 3rd period - Snap shot by Ville Leino.
10:54 of 3rd period - Stopped by Jacob Markstrom without a rebound.
10:55 of 3rd period - Rob Niedermayer wins face-off versus Steven Reinprecht in Senators zone.
11:08 of 3rd period - Wrist shot by Rob Niedermayer.
11:08 of 3rd period - Shot Misses the Net.
11:10 of 3rd period - Snap shot by Shane Sims.
11:10 of 3rd period - Deflect By Tim Ramholt.
11:10 of 3rd period - Stopped by Semyon Varlamov with a rebound.
11:22 of 3rd period - John-Michael Liles is hit by Shane Sims and loses puck.
11:27 of 3rd period - Snap shot by Sergei Kostitsyn.
11:27 of 3rd period - Stopped by Semyon Varlamov without a rebound.
11:28 of 3rd period - Brandon Sutter wins face-off versus Rob Niedermayer in Sewer Rats zone.
11:39 of 3rd period - Snap shot by Brandon Sutter.
11:39 of 3rd period - Stopped by Jacob Markstrom without a rebound.
11:40 of 3rd period - Rob Niedermayer wins face-off versus Steven Reinprecht in Senators zone.
12:10 of 3rd period - Snap shot by Brandon Sutter.
12:10 of 3rd period - Shot Misses the Net.
12:28 of 3rd period - Erik Karlsson is hit by Kyle Quincey and loses puck.
13:17 of 3rd period - Snap shot by Steven Reinprecht.
13:17 of 3rd period - Stopped by Jacob Markstrom without a rebound.
13:18 of 3rd period - Rob Niedermayer wins face-off versus Steven Reinprecht in Senators zone.
13:33 of 3rd period - Snap shot by Steven Reinprecht.
13:33 of 3rd period - Deflect By Mark Mancari.
13:33 of 3rd period - Stopped by Jacob Markstrom without a rebound.
13:34 of 3rd period - Josh Hennessy wins face-off versus Brandon Sutter in Senators zone.
13:36 of 3rd period - Minor Penalty to Shane Sims for Tripping.
13:37 of 3rd period - Rob Niedermayer wins face-off versus Steven Reinprecht in Senators zone.
14:08 of 3rd period - Niklas Hagman is hit by Tim Ramholt and loses puck.
14:50 of 3rd period - Off-side.
14:51 of 3rd period - Cody Hodgson wins face-off versus Steven Reinprecht in neutral zone.
14:58 of 3rd period - Wrist shot by Cody Hodgson.
14:58 of 3rd period - Shot Blocked by Mark Mancari.
15:00 of 3rd period - Wrist shot by Brett Sterling.
15:00 of 3rd period - Stopped by Semyon Varlamov with a rebound.
15:02 of 3rd period - Snap shot by Brett Sterling.
15:02 of 3rd period - Stopped by Semyon Varlamov without a rebound.
15:03 of 3rd period - Brandon Sutter wins face-off versus Niklas Hagman in Sewer Rats zone.
15:08 of 3rd period - Slapshot by John-Michael Liles.
15:08 of 3rd period - Stopped by Jacob Markstrom with a rebound.
15:10 of 3rd period - Snap shot by Nick Palmieri.
15:10 of 3rd period - Stopped by Jacob Markstrom with a rebound.
15:12 of 3rd period - Wrist shot by John-Michael Liles.
15:12 of 3rd period - Shot Misses the Net.
15:36 of 3rd period - Penalty to Shane Sims is over, Shane Sims is back on ice.
15:54 of 3rd period - Snap shot by Brett Sterling.
15:54 of 3rd period - Shot Misses the Net.
16:06 of 3rd period - Snap shot by Zack Kassian.
16:06 of 3rd period - Stopped by Semyon Varlamov with a rebound.
16:39 of 3rd period - Snap shot by John Lammers.
16:39 of 3rd period - Goal by John Lammers - Senators : 3 - Sewer Rats : 5.
16:40 of 3rd period - Rob Niedermayer wins face-off versus Kyle Turris in neutral zone.
16:49 of 3rd period - Wrist shot by Niklas Hagman.
16:49 of 3rd period - Stopped by Semyon Varlamov with a rebound.
16:51 of 3rd period - Slapshot by Rob Niedermayer.
16:51 of 3rd period - Stopped by Semyon Varlamov without a rebound.
16:52 of 3rd period - Kyle Turris wins face-off versus Rob Niedermayer in Sewer Rats zone.
17:01 of 3rd period - Wrist shot by Kyle Turris.
17:01 of 3rd period - Shot Misses the Net.
17:03 of 3rd period - Wrist shot by Kyle Turris.
17:03 of 3rd period - Stopped by Jacob Markstrom without a rebound.
17:04 of 3rd period - Rob Niedermayer wins face-off versus Kyle Turris in Senators zone.
17:33 of 3rd period - Wrist shot by Cody Hodgson.
17:33 of 3rd period - Shot Misses the Net.
18:20 of 3rd period - Icing by Gabriel Bourque.
18:21 of 3rd period - Kyle Turris wins face-off versus Rob Niedermayer in Senators zone.
18:28 of 3rd period - Steven Kampfer is hit by Stanislav Chistov and loses puck.
18:35 of 3rd period - Slapshot by Niklas Hagman.
18:35 of 3rd period - Shot Misses the Net.
18:37 of 3rd period - Wrist shot by Stanislav Chistov.
18:37 of 3rd period - Shot Blocked by Patrick Bordeleau.
19:01 of 3rd period - Slapshot by Steven Kampfer.
19:01 of 3rd period - Shot Blocked by Logan Stephenson.
19:25 of 3rd period - Mark Mancari is hit by Jack Skille and loses puck.
Goals for this period are 1 for Senators vs 3 for Sewer Rats.
Shots for this period are 16 for Senators vs 13 for Sewer Rats.
Output by the SimonT Hockey Simulator (STHS) for François Prévost -- Original Page W3C XHTML 1.0 Valid